 Dungeon Crawl Stone Soup version 0.17.0-22-g5edae84 (console) character file.

173 jw the Chopper (level 5, -4/37 HPs)
             Began as an Octopode Berserker on Nov 12, 2015.
             Was a Believer of Trog.
             Slain by a sky beast (5 damage)
             ... on level 4 of the Dungeon.
             The game lasted 00:07:42 (3635 turns).

jw the Chopper (Octopode Berserker)                 Turns: 3635, Time: 00:07:43

Health: -4/37      AC:  1    Str: 16    XL:     5   Next: 53%
Magic:  5/5        EV: 13    Int:  9    God:    Trog [**....]
Gold:   219        SH:  0    Dex: 13    Spells: 0 memorised, 4 levels left

rFire  . . .     SeeInvis .     b - +2 hand axe (flame)
rCold  . . .     Clarity  .     (no shield)
rNeg   . . .     SustAt   .     (helmet restricted)
rPois  .         Gourm    .     (no amulet)
rElec  .         Spirit   .     (no ring)
rCorr  .         Warding  .     (no ring)
rMut   .         Stasis   .     (no ring)
MR     .....                    (no ring)
Stlth  ++........               (no ring)
                                (no ring)
                                (no ring)
                                (no ring)

@: exhausted, slowed, very slow, not resistant to hostile enchantments,
unstealthy
A: almost no armour, amphibious, 8 rings, constrict 8, camouflage 1, gelatinous
body 1
a: Berserk, Trog's Hand, Burn Spellbooks, Renounce Religion


You were on level 4 of the Dungeon.
You worshipped Trog.
Trog was pleased with you.
You were very hungry.

You visited 1 branch of the dungeon, and saw 4 of its levels.

You collected 219 gold pieces.

Inventory:

Hand Weapons
 b - a +2 hand axe of flaming (weapon)
Missiles
 a - 19 poisoned needles
 c - 100 stones (quivered)
 f - 7 needles of frenzy
Comestibles
 e - 4 bread rations


   Skills:
 + Level 3.9 Fighting
 * Level 4.6 Axes
 + Level 2.5 Throwing
 - Level 3.0 Dodging


You had 4 spell levels left.
You didn't know any spells.

Dungeon Overview and Level Annotations

Branches:
Dungeon (4/15)
 Temple: D:4-7

Altars:
Okawaru
Ru


Innate Abilities, Weirdness & Mutations

You cannot wear most types of armour.
You are amphibious.
You can wear up to eight rings at the same time.
You can use your tentacles to constrict eight enemies at once.
Your skin changes colour to match your surroundings (Stealth).
Your rubbery body absorbs attacks (AC +1).


Message History

Unknown command.
ATTACKING (1,1)
You hit something. You burn something. Something hits you.
Something shocks you.
Unknown command.
Unknown command.
Unknown command.
Unknown command.
ATTACKING (1,1)
You hit something but do no damage. Something barely misses you.
Something hits you. Something shocks you.
Unknown command.
Unknown command.
Unknown command.
Unknown command.
ATTACKING (1,1)
You hit something. You burn something.
Your skin stops crawling.
You feel less resistant to hostile enchantments.
Something hits you. Something shocks you. Something hits you.
You die...

##### .....## .#
.....(. #. .....(.
.. ....... ### .#
#......###x## .#
.......#..{.##.
.......$....#.#
............#<###
.......#....#...#
.......##.......#
............#...#
...........###...#
............
.....#


There were no monsters in sight!

Table legend:
 A = Turns spent in this place as a percentage of turns spent in the entire game.
 B = Non-inter-level travel turns spent in this place as a percentage of non-inter-level travel turns spent in the entire game.
 C = Inter-level travel turns spent in this place as a percentage of turns spent in this place.
 D = Turns resting spent in this place as a percentage of non-inter-level travel turns spent in this place.
 E = Turns spent auto-exploring this place as a percentage of non-inter-level travel turns spent in this place.
 F = Non-inter-level travel turns spent in this place divided by the number of levels of this place that you've seen.
                   A       B       C       D       E      F
               +-------+-------+-------+-------+-------+----------------------
         Total | 100.0 | 100.0 |   0.6 |   0.8 |   3.3 | 990.2
       Dungeon | 100.0 | 100.0 |   0.6 |   0.8 |   3.3 | 990.2
               +-------+-------+-------+-------+-------+----------------------

Table legend:
 A = Kills in this place as a percentage of kills in entire the game.
 B = Kills by you in this place as a percentage of kills by you in the entire game.
 C = Kills by friends in this place as a percentage of kills by friends in the entire game.
 D = Other kills in this place as a percentage of other kills in the entire game.
 E = Experience gained in this place as a percentage of experience gained in the entire game.
 F = Experience gained in this place divided by the number of levels of this place that you have seen.
                   A       B       C       D       E      F
               +-------+-------+-------+-------+-------+----------------------
         Total | 100.0 | 100.0 |  -nan |  -nan | 100.0 |  62.0
       Dungeon | 100.0 | 100.0 |  -nan |  -nan | 100.0 |  62.0
               +-------+-------+-------+-------+-------+----------------------

Vanquished Creatures
  2 orc priests (D:3)
  6 adders
  2 worms (D:2)
  4 orcs (D:3)
  2 ball pythons
  7 goblins
  4 hobgoblins
  8 kobolds
  8 bats
  A giant gecko zombie (D:3)
  3 giant newts (D:2)
  7 rats
54 creatures vanquished.

Notes
Turn   | Place    | Note
--------------------------------------------------------------
     0 | D:1      | jw the Octopode Berserker began the quest for the Orb.
     0 | D:1      | Reached XP level 1. HP: 16/16 MP: 1/1
   237 | D:1      | Reached XP level 2. HP: 21/21 MP: 2/2
   484 | D:1      | Reached skill level 1 in Throwing
   692 | D:2      | Reached XP level 3. HP: 26/26 MP: 3/3
   842 | D:2      | Reached ** piety under Trog
  1932 | D:3      | Found a sacrificial altar of Ru.
  1970 | D:3      | Reached skill level 4 in Axes
  1970 | D:3      | Reached XP level 4. HP: 22/31 MP: 4/4
  2079 | D:3      | Reached XP level 5. HP: 37/37 MP: 5/5
  3614 | D:4      | Found an iron altar of Okawaru.
  3617 | D:4      | Noticed a sky beast
  3635 | D:4      | HP: 1/37 [something (5)]
  3635 | D:4      | Slain by a sky beast

Action                   |  1- 3 |  4- 6 || total
-------------------------+-------+-------++-------
Melee: Hand axe          |    34 |    39 ||    73
Throw: Stone             |    65 |    54 ||   119
       Tomahawk          |    18 |     8 ||    26
Invok: Trog's Hand       |     1 |     1 ||     2
       Berserk           |       |     1 ||     1
  Eat: Chunk             |     2 |     6 ||     8

Vault maps used:
D:1:      lightli_arrival_statuegarden, grunt_decor_fettered,
          minmay_crystal_room, grunt_decor_mini_mirrors, minmay_strange_pillars
D:2:      first_bread
D:3:      nicolae_ru_sacrificial_ziggurat
D:4:      okawaru_ov_weapons_minmay, gammafunk_temple_overflow_forgotten,
          grunt_temple_overflow_forces_of_nature, minmay_stone_trees_large
